General information
- name: BNet
- type: Ladder team game (AT/RT)
- host: Battle.net
- saver: PIESOFTHENORTH
map: Battleground
- players: 8
- length: 26:50
- speed: Fast
- version: 1.26 W3XP
- replay type: Public
» download(182 KB)
Players
team 1 (winner)
justEvil (
pink | 148 APM | 3969 actions | 26:49)
3 Tauren Chieftain
2 War Stomp
1 Endurance Aura
6 Death Knight
3 Death Coil
2 Unholy Aura
1 Animate Dead
5 Shadow Hunter
3 Healing Wave
1 Serpent Ward
1 Big Bad Voodoo
6 Lich
3 Frost Nova
2 Frost Armor
1 Death and Decay
» actions
| Assign group hotkey | 60 | |
| Basic commands | 378 | |
| Build / train | 121 | |
| ESC pressed | 1 | |
| Enter build submenu | 30 | |
| Enter hero's abilities submenu | 20 | |
| Give item / drop item | 5 | |
| Remove unit from queue | 2 | |
| Right click | 1151 | |
| Select / deselect | 571 | |
| Select group hotkey | 1472 | |
| Use ability | 158 | |
3969 total
» units
| Acolyte | 5 | |
| Peon | 10 | |
| Ghoul | 3 | |
| Crypt Fiend | 8 | |
| Grunt | 8 | |
| Troll Headhunter/Berserker | 13 | |
| Shaman | 6 | |
| Obsidian Statue | 8 | |
| Troll Batrider | 2 | |
63 total
» upgrades
| Creature Carapace | 2 | |
| Armor | 1 | |
| Web | 1 | |
| Shaman Training | 2 | |
| Berserker Upgrade | 1 | |
| Destroyer Form | 1 | |
| Creature Attack | 1 | |
9 total
» buildings
| Altar of Storms | 1 | |
| Orc Burrow | 6 | |
| Graveyard | 1 | |
| Crypt | 1 | |
| Ziggurat | 9 | |
| Barracks | 1 | |
| Altar of Darkness | 1 | |
| Tomb of Relics | 1 | |
| Voodoo Lounge | 2 | |
| Nerubian Tower | 2 | |
| Stronghold | 2 | |
| War Mill | 1 | |
| Halls of the Dead | 1 | |
| Spirit Lodge | 2 | |
| Fortress | 1 | |
| Slaughterhouse | 2 | |
| Black Citadel | 1 | |
| Spirit Tower | 2 | |
37 total
» build order
00:09 Altar of Storms
00:14 Orc Burrow
00:20 Graveyard
00:22 Crypt
00:39 Ziggurat
00:50 Barracks
01:03 Altar of Darkness
01:33 Tomb of Relics
01:39 Orc Burrow
02:04 Voodoo Lounge
02:09 Ziggurat
02:37 Nerubian Tower
02:37 Nerubian Tower
03:25 Stronghold
04:03 War Mill
04:06 Halls of the Dead
04:28 Ziggurat
04:56 Orc Burrow
06:14 Spirit Lodge
06:18 Fortress
06:37 Slaughterhouse
07:29 Black Citadel
07:54 Ziggurat
08:03 Spirit Lodge
08:12 Orc Burrow
08:13 Orc Burrow
10:25 Slaughterhouse
12:12 Ziggurat
12:15 Ziggurat
12:15 Ziggurat
13:02 Orc Burrow
14:09 Voodoo Lounge
16:57 Ziggurat
20:35 Spirit Tower
23:33 Spirit Tower
24:27 Ziggurat
» items
| Rod of Necromancy | 1 | |
| Dust of Appearance | 1 | |
| Healing Salve | 2 | |
| Lesser Clarity Potion | 1 | |
| Scroll of Speed | 1 | |
| Scroll of Town Portal | 2 | |
| Scroll of Healing | 1 | |
| Orb of Lightning | 1 | |
10 total
PIESOFTHENORTH (
orange | 74 APM | 1979 actions | 26:50)
7 Dark Ranger
3 Black Arrow
3 Silence
1 Charm
5 Pit Lord
3 Rain of Fire
2 Cleaving Attack
3 Dreadlord
2 Sleep
1 Carrion Swarm
2 Blademaster
1 Critical Strike
1 Wind Walk
» actions
| Assign group hotkey | 44 | |
| Basic commands | 144 | |
| Build / train | 73 | |
| ESC pressed | 1 | |
| Enter build submenu | 19 | |
| Enter hero's abilities submenu | 17 | |
| Give item / drop item | 1 | |
| Right click | 552 | |
| Select / deselect | 529 | |
| Select group hotkey | 503 | |
| Use ability | 96 | |
1979 total
» units
| Acolyte | 2 | |
| Ghoul | 3 | |
| Crypt Fiend | 17 | |
| Obsidian Statue | 2 | |
| Wind Rider | 2 | |
26 total
» upgrades
| Creature Carapace | 3 | |
| Creature Attack | 3 | |
| Burrow | 1 | |
| Web | 1 | |
| Ranged Weapons | 2 | |
| Armor | 2 | |
| Envenomed Spears | 1 | |
13 total
» buildings
| Crypt | 1 | |
| Graveyard | 1 | |
| Altar of Darkness | 1 | |
| Ziggurat | 7 | |
| Nerubian Tower | 2 | |
| Tomb of Relics | 1 | |
| Spirit Tower | 5 | |
| Halls of the Dead | 1 | |
| Slaughterhouse | 1 | |
| Black Citadel | 1 | |
| Voodoo Lounge | 1 | |
| Great Hall | 1 | |
23 total
» build order
00:05 Crypt
00:19 Graveyard
00:44 Altar of Darkness
01:01 Ziggurat
01:52 Nerubian Tower
02:06 Ziggurat
02:57 Tomb of Relics
03:00 Spirit Tower
03:03 Ziggurat
03:07 Ziggurat
04:02 Spirit Tower
04:58 Halls of the Dead
07:31 Slaughterhouse
08:49 Black Citadel
10:58 Spirit Tower
14:00 Voodoo Lounge
20:54 Ziggurat
20:57 Ziggurat
20:58 Ziggurat
21:50 Nerubian Tower
21:51 Spirit Tower
21:52 Spirit Tower
25:53 Great Hall
» items
| Potion of Healing | 4 | |
| Orb of Corruption | 1 | |
5 total

»
RIFKONAUT (
blue | 0 APM | 0 actions | 00:01)
SECTION52 (
yellow | 36 APM | 419 actions | 11:42)
1 Blademaster
1 Wind Walk
1 Shadow Hunter
1 Serpent Ward
» actions
| Build / train | 23 | |
| Enter build submenu | 13 | |
| Enter hero's abilities submenu | 2 | |
| Right click | 208 | |
| Select / deselect | 151 | |
| Use ability | 22 | |
419 total
» units
» upgrades
» buildings
| Altar of Storms | 1 | |
| Orc Burrow | 5 | |
| Stronghold | 1 | |
| War Mill | 1 | |
| Beastiary | 3 | |
| Fortress | 1 | |
| Spirit Lodge | 1 | |
13 total
» build order
00:09 Altar of Storms
00:12 Orc Burrow
02:01 Stronghold
02:15 War Mill
02:23 Orc Burrow
04:06 Orc Burrow
04:42 Beastiary
04:50 Beastiary
05:11 Fortress
05:15 Spirit Lodge
05:50 Beastiary
08:27 Orc Burrow
08:33 Orc Burrow
team 2 (loser)

»
pong_Ienis (
teal | 44 APM | 1164 actions | 26:12)
5 Far Seer
3 Feral Spirit
2 Chain Lighting
» actions
| Assign group hotkey | 24 | |
| Basic commands | 28 | |
| Build / train | 67 | |
| Enter build submenu | 16 | |
| Enter hero's abilities submenu | 6 | |
| Give item / drop item | 5 | |
| Remove unit from queue | 1 | |
| Right click | 466 | |
| Select / deselect | 367 | |
| Select group hotkey | 99 | |
| Use ability | 85 | |
1164 total
» units
| Peon | 7 | |
| Grunt | 6 | |
| Troll Batrider | 18 | |
| Wind Rider | 1 | |
| Chimaera | 2 | |
| Hippogryph | 4 | |
38 total
» upgrades
| Melee Weapons | 1 | |
| Armor | 1 | |
| Berserker Strength | 1 | |
| Ranged Weapons | 2 | |
| Liquid Fire | 1 | |
| Nature's Blessing | 1 | |
7 total
» buildings
| Altar of Storms | 1 | |
| Orc Burrow | 4 | |
| Barracks | 1 | |
| War Mill | 1 | |
| Voodoo Lounge | 1 | |
| Stronghold | 1 | |
| Watch Tower | 3 | |
| Beastiary | 2 | |
| Fortress | 1 | |
| Ancient of Wonders | 1 | |
16 total
» build order
00:07 Altar of Storms
00:19 Orc Burrow
00:34 Barracks
01:37 Orc Burrow
01:55 War Mill
02:19 Voodoo Lounge
04:15 Stronghold
05:37 Orc Burrow
05:41 Watch Tower
06:50 Beastiary
08:05 Beastiary
10:54 Fortress
11:04 Orc Burrow
15:40 Watch Tower
15:45 Watch Tower
23:36 Ancient of Wonders
» items
| Healing Salve | 3 | |
| Lesser Clarity Potion | 1 | |
| Scroll of Speed | 3 | |
| Scroll of Protection | 1 | |
| Scroll of Town Portal | 2 | |
| Potion of Healing | 2 | |
| Orb of Lightning | 1 | |
13 total
Kozan (
purple | 53 APM | 1430 actions | 26:48)
8 Mountain King
3 Storm Bolt
3 Bash
1 Avatar
1 Thunder Clap
» actions
| Assign group hotkey | 72 | |
| Build / train | 90 | |
| Enter build submenu | 18 | |
| Enter hero's abilities submenu | 8 | |
| Give item / drop item | 2 | |
| Right click | 496 | |
| Select / deselect | 250 | |
| Select group hotkey | 433 | |
| Use ability | 61 | |
1430 total
» units
| Peasant | 10 | |
| Footman | 3 | |
| Rifleman | 42 | |
| Chimaera | 3 | |
58 total
» upgrades
| Gunpowder | 3 | |
| Armor | 3 | |
| Long Rifles | 1 | |
| Lumber Harvesting | 1 | |
8 total
» buildings
| Altar of Kings | 1 | |
| Farm | 12 | |
| Barracks | 2 | |
| Blacksmith | 1 | |
| Lumber Mill | 1 | |
| Arcane Vault | 1 | |
| Keep | 1 | |
| Castle | 1 | |
20 total
» build order
00:14 Altar of Kings
00:22 Farm
00:25 Farm
00:52 Barracks
01:36 Farm
01:57 Blacksmith
02:10 Lumber Mill
02:43 Arcane Vault
03:46 Farm
03:50 Farm
04:47 Keep
05:03 Farm
06:08 Farm
06:12 Farm
07:44 Farm
08:43 Castle
12:10 Farm
17:17 Farm
20:37 Farm
21:06 Barracks
» items
| Scroll of Regeneration | 5 | |
| Healing Salve | 1 | |
| Scroll of Town Portal | 5 | |
| Orb of Fire | 1 | |
| Lesser Clarity Potion | 1 | |
13 total
ReiseReise (
red | 48 APM | 1098 actions | 23:00)
6 Demon Hunter
2 Evasion
3 Mana Burn
1 Metamorphosis
5 Priestess of the Moon
3 Trueshot Aura
1 Scout
1 Searing Arrows
» actions
| Assign group hotkey | 55 | |
| Basic commands | 10 | |
| Build / train | 61 | |
| Enter build submenu | 13 | |
| Enter hero's abilities submenu | 11 | |
| Give item / drop item | 4 | |
| Remove unit from queue | 3 | |
| Right click | 580 | |
| Select / deselect | 236 | |
| Select group hotkey | 85 | |
| Use ability | 40 | |
1098 total
» units
| Wisp | 19 | |
| Archer | 6 | |
| Chimaera | 6 | |
| Hippogryph | 5 | |
36 total
» upgrades
» buildings
| Altar of Elders | 1 | |
| Moon Well | 7 | |
| Ancient of War | 1 | |
| Tree of Ages | 1 | |
| Tree of Eternity | 1 | |
| Ancient of Wind | 1 | |
| Chimaera Roost | 4 | |
16 total
» build order
00:11 Altar of Elders
00:18 Moon Well
00:42 Ancient of War
01:27 Moon Well
02:00 Moon Well
03:13 Tree of Ages
03:19 Moon Well
05:40 Tree of Eternity
05:47 Ancient of Wind
05:54 Moon Well
08:41 Chimaera Roost
08:42 Chimaera Roost
08:43 Chimaera Roost
09:20 Chimaera Roost
09:25 Moon Well
12:54 Moon Well
» items
| Scroll of Regeneration | 1 | |
| Scroll of Town Portal | 2 | |
| Potion of Healing | 2 | |
5 total

»
TheMysteryMan (
green | 44 APM | 1124 actions | 25:46)
4 Priestess of the Moon
2 Trueshot Aura
2 Searing Arrows
» actions
| Basic commands | 2 | |
| Build / train | 70 | |
| ESC pressed | 2 | |
| Enter build submenu | 21 | |
| Enter hero's abilities submenu | 4 | |
| Right click | 563 | |
| Select / deselect | 406 | |
| Use ability | 56 | |
1124 total
» units
| Wisp | 10 | |
| Archer | 32 | |
| Huntress | 5 | |
| Druid of the Talon | 4 | |
| Hippogryph | 4 | |
55 total
» upgrades
| Strength of the Moon | 2 | |
| Moon Armor | 1 | |
| Improved Bows | 1 | |
4 total
» buildings
| Ancient of War | 2 | |
| Moon Well | 8 | |
| Altar of Elders | 2 | |
| Ancient of Wonders | 3 | |
| Hunter's Hall | 1 | |
| Tree of Ages | 1 | |
| Ancient of Wind | 1 | |
| Tree of Life | 2 | |
20 total
» build order
00:20 Ancient of War
00:26 Moon Well
00:34 Altar of Elders
01:49 Moon Well
02:11 Ancient of War
02:21 Ancient of Wonders
03:12 Moon Well
03:43 Hunter's Hall
05:24 Moon Well
07:50 Tree of Ages
10:44 Moon Well
11:46 Moon Well
11:47 Moon Well
12:03 Ancient of Wonders
16:51 Ancient of Wonders
20:06 Ancient of Wind
21:37 Tree of Life
23:58 Altar of Elders
24:02 Moon Well
24:54 Tree of Life
» items
| Scroll of Town Portal | 1 | |
| Potion of Lesser Invulnerability | 1 | |
| Scroll of Protection | 1 | |
| Potion of Invisibility | 1 | |
| Potion of Healing | 1 | |
5 total
Chat log
(00:20 / Allies) SECTION52: hi
(00:27 / Allies) SECTION52: nnooooonnnnnn
(00:30 / Allies) justEvil: hi
(03:56 / Allies) SECTION52: ty
(03:59 / Allies) PIESOFTHENORTH: np
(07:17 / Allies) justEvil: sec
(07:17 / Allies) justEvil: bb
(07:19 / Allies) justEvil: stop air
(07:20 / Allies) justEvil: noob
(07:31 / All) TheMysteryMan: NOOOOB XD
(08:41 / Allies) PIESOFTHENORTH: lemme know if you need help up there
(09:26 / Allies) justEvil: stop air
(09:27 / Allies) justEvil: omg
(10:49 / Allies) justEvil: me micro
(10:50 / Allies) justEvil: omg
(11:46 / Allies) PIESOFTHENORTH: are you serious
(11:58 / Allies) justEvil: tp
(11:59 / Allies) justEvil: bb
(12:07 / Allies) justEvil: you micro
(12:18 / Allies) PIESOFTHENORTH: i gues si'll try to deal with yellow
(12:45 / Allies) PIESOFTHENORTH: damn he was terible
(12:53 / Allies) PIESOFTHENORTH: and i'm not even european
(13:18 / Allies) PIESOFTHENORTH: i' d help but i'm getting attacked on this sid
(13:44 / Allies) justEvil: omg
(13:46 / Allies) justEvil: my hero(
(14:57 / Allies) justEvil: tp
(14:58 / Allies) justEvil: pls
(15:03 / Allies) PIESOFTHENORTH: kinda busy
(15:27 / Allies) PIESOFTHENORTH: you're fighting two players
(15:30 / Allies) PIESOFTHENORTH: i'm fighting two platyers
(17:07 / Allies) PIESOFTHENORTH: attack green
(17:40 / Allies) PIESOFTHENORTH: i guess teal if you really want
(20:39 / Allies) PIESOFTHENORTH: gold please if you can spare
(20:54 / Allies) PIESOFTHENORTH: thanks
(21:23 / Allies) justEvil: b
(24:08 / Allies) PIESOFTHENORTH: i'm gonna go make sure they didn't expand
(24:26 / Allies) PIESOFTHENORTH: and stop them if they are
(25:29 / Allies) PIESOFTHENORTH: yeah iknow just hold on1
(25:37 / Allies) PIESOFTHENORTH: on my way
(26:40 / All) PIESOFTHENORTH: I think yellow leaving made it way easier for us